 Dungeon Crawl Stone Soup version 0.29.1-4-g47bece8355 (webtiles) character file.

Game seed: 18145054270697126427

436 Gabide the Grave Robber (level 6, -6/47 HPs)
             Began as a Mummy Necromancer on Dec 7, 2022.
             Mangled by a wight
             ... wielding a +4 hand axe
              (11 damage)
             ... on level 4 of the Dungeon.
             The game lasted 00:06:28 (3982 turns).

Gabide the Grave Robber (Mummy Necromancer)         Turns: 3982, Time: 00:06:28

Health: -6/47      AC:  2    Str: 11    XL:     6   Next: 69%
Magic:  10/10      EV: 12    Int: 16    God:
Gold:   119        SH:  0    Dex: 19    Spells: 7/11 levels left

rFire   . . .      SeeInvis .     - Unarmed
rCold   + + .      Faith    .   (no shield)
rNeg    + + +      Spirit   .   e - +0 robe
rPois   ∞          Reflect  .   (no helmet)
rElec   .          Harm     .   q - scarf {rC+ rF+}
rCorr   .          Rampage  .   (no gloves)
Will    .....                   (no boots)
Stlth   ++........              (no amulet)
HPRegen 0.15/turn               s - +6 ring of dexterity
MPRegen 0.12/turn               (no ring)

@: no status effects
A: cold resistance 1, negative energy resistance 3, torment resistance 2, heat
vulnerability 1, in touch with death 1, no potions
a: no special abilities


You were on level 4 of the Dungeon.
You visited 1 branch of the dungeon, and saw 4 of its levels.

You collected 119 gold pieces.

Inventory:

Hand Weapons
 a - a +0 triple crossbow
 b - a +0 short sword of venom
Missiles
 d - 4 javelins
 p - a throwing net
Armour
 e - a +0 robe (worn)
 q - a scarf of resistance (worn)
Magical Staves
 h - a staff of cold
Jewellery
 k - a ring of ice
 n - a ring of ice
 s - a +6 ring of dexterity (left hand)
 t - a ring of willpower
Wands
 i - a wand of mindburst (16)
Scrolls
 c - 6 scrolls of identify
 f - 4 scrolls of teleportation
 g - 3 scrolls of immolation {unknown}
 j - a scroll of brand weapon {unknown}
 l - a scroll of silence {unknown}
 m - a scroll of magic mapping {unknown}
 o - 2 scrolls of vulnerability {unknown}
 r - a scroll of fog {unknown}


   Skills:
 - Level 3.0 Fighting
 - Level 2.0 Dodging
 - Level 2.0 Stealth
 + Level 2.8 Unarmed Combat
 - Level 3.0 Spellcasting
 - Level 6.0 Necromancy


You had 7 spell levels left.
You knew the following spells:

 Your Spells              Type           Power      Damage    Failure   Level
a - Necrotise             Necr           100%       1d9       1%          1
b - Vampiric Draining     Necr           32%        2d8       4%          3

Your spell library contained the following spells:

 Spells                   Type           Power      Damage    Failure   Level
 Animate Dead             Necr           32%        N/A       16%         4
 Agony                    Necr           32%        N/A       41%         5
 Frozen Ramparts          Ice            4%         1d1       50%         3
 Summon Ice Beast         Ice/Summ       2%         N/A       88%         4
 Ice Form                 Ice/Tmut       Unusable   N/A       N/A         4

Dungeon Overview and Level Annotations

Branches:
Dungeon (4/15)
 Temple: D:4-7

Altars:
Cheibriados
Qazlal
Trog
Wu Jian

Shops:
D:2 (


Innate Abilities, Weirdness & Mutations

You are immune to poison.
Your flesh is cold resistant. (rC+)
You are immune to negative energy. (rN+++)
You are immune to unholy pain and torment.
You are vulnerable to heat. (rF-)
You are in touch with the powers of death.
You do not drink.


Message History

The scorpion stings you but does no damage.
Casting: Vampiric Draining (dangerous; 4% risk of failure)
Confirm with . or Enter, or press ? or * to list all spells.
Aiming: Vampiric Draining (dangerous; 4% risk of failure)
Press: ? - help, Shift-Dir - straight line, f/p - scorpion
Aim: a scorpion (almost dead)
You feel a surge of power!
You draw life force from the scorpion.
You kill the scorpion!
You feel life coursing into your body.
You start resting.
Magic restored.
HP restored.
You see here a scorpion corpse.
An endoplasm comes into view.
You shoot a bolt. The endoplasm quivers.
The bolt hits the endoplasm.
The endoplasm is severely wounded.
You shoot a bolt. The bolt hits the endoplasm!!
You kill the endoplasm!
You see here a viscous black potion.
You shoot a bolt.
The bolt hits the wight but does no damage.
You shoot a bolt. The bolt hits the wight!
The wight is almost destroyed.
The wight hits you with a +4 hand axe!
You shoot a bolt. The bolt closely misses the wight.
The wight hits you with a +4 hand axe! The wight hits you with a +4 hand axe.
The wight attacks as you move away! The wight barely misses you.
Fire: a) +0 triple crossbow
Press: ? - help, Q - select action, (/) - cycle Shift-Dir - straight line, f/p - wight
Aim: a wight, wielding a +4 hand axe and wearing a +0 robe (almost destroyed, 56% to hit)
You shoot a bolt. The bolt barely misses the wight.
The wight completely misses you.
The wight hits you with a +4 hand axe! x2
* * * LOW HITPOINT WARNING * * *
You are now empty-handed.
You hit the wight but do no damage.
The wight is almost destroyed.
The wight hits you with a +4 hand axe!
You die...

#####.....#
#..>###
#......#.##
#......
#........#
#...###
#.......##
#...#
#########..##
##### ...#.#
#..#
#..#.##..#
#..#.#..#
#..##@.#
##..#z##
##...# #..###
#..## #..#
#..# ...#
####


You could see a wight.

Vanquished Creatures
  A bullfrog (D:4)
  A necrophage (D:4)
  A scorpion (D:4)
  3 hounds (D:4)
  A jelly (D:4)
  An iguana (D:4)
  A mummy (D:4)
  2 adders
  4 worms
  A dart slug (D:2)
  5 orcs
  8 endoplasms
  6 goblins
  7 hobgoblins
  4 kobolds
  3 quokkas
  4 ball pythons
  3 frilled lizards
  7 rats
63 creatures vanquished.

Vanquished Creatures (collateral kills)
  A goblin (D:1)
1 creature vanquished.

Grand Total: 64 creatures vanquished

Notes
Turn   | Place    | Note
-------+----------+-------------------------------------------
     0 | D:1      | Gabide the Mummy Necromancer began the quest for the Orb.
     0 | D:1      | Reached XP level 1. HP: 13/13 MP: 4/4
   166 | D:1      | Found a faded altar of an unknown god.
   492 | D:1      | Reached XP level 2. HP: 16/20 MP: 5/5
   796 | D:1      | Reached skill level 1 in Fighting
   957 | D:2      | Reached skill level 1 in Unarmed Combat
  1199 | D:2      | Gained mutation: You are in touch with the powers of death.
                  | [Mummy growth]
  1199 | D:2      | Reached XP level 3. HP: 26/26 MP: 7/7
  1225 | D:2      | Found Inwegiq's Antique Weapon Shop.
  1712 | D:3      | Found a stormy altar of Qazlal.
  2364 | D:3      | Reached XP level 4. HP: 33/33 MP: 8/8
  2542 | D:4      | Learned a level 3 spell: Vampiric Draining
  2571 | D:4      | Noticed a necrophage
  2574 | D:4      | Noticed a bullfrog
  2583 | D:4      | Killed a bullfrog
  2584 | D:4      | Reached skill level 5 in Necromancy
  2584 | D:4      | Reached XP level 5. HP: 27/38 MP: 9/9
  3195 | D:4      | Reached XP level 6. HP: 13/44 MP: 10/10
  3212 | D:4      | Reached skill level 6 in Necromancy
  3615 | D:4      | Found a bloodstained altar of Trog.
  3639 | D:4      | Found an ornate altar of the Wu Jian Council.
  3731 | D:4      | Found a snail-covered altar of Cheibriados.
  3982 | D:4      | Mangled by a wight

Illustrated notes

Levels and vault maps discovered:
D:1:      minmay_arrival_arboretum_small, layout_basic,
          ebering_ecumenical_altar_rust, serial_bayou_pond_d
D:2:      layout_loops_ring, serial_shops, nicolae_shop_crystal
D:3:      layout_basic, mainiacjoe_overflow_brackets
D:4:      minmay_diamond_boxcup, layout_rooms, nzn_wu_jian_council_hall,
          trog_three_pillars_becter, slow_altar_2

Skill      XL: |  1  2  3  4  5  6 |
---------------+-------------------+-----
Fighting       | 1 2 3 |  3.0
Dodging        | 2 |  2.0
Unarmed Combat | 1 2 |  2.8
Stealth        | 2 |  2.0
Spellcasting   | 3 |  3.0
Necromancy     | 5 6 |  6.0

Action                   |  1- 3 |  4- 6 || total
-------------------------+-------+-------++-------
Melee: Unarmed           |       |     1 ||     1
 Fire: Triple crossbow   |    65 |    59 ||   124
 Cast: Necrotise         |     7 |       ||     7
       Vampiric Draining |       |     3 ||     3
  Use: Scroll            |       |     5 ||     5
Armor: Robe              |     6 |     7 ||    13
Dodge: Dodged            |    26 |    32 ||    58
